 Dungeon Crawl Stone Soup version 0.21.1-1-g345015fe64 (webtiles) character file.

105 Lentor the Skirmisher (level 4, -7/40 HPs)
             Began as a Draconian Berserker on June 8, 2018.
             Was a Priest of Trog.
             Mangled by a small abomination (16 damage)
             ... on level 1 of the Abyss.
             The game lasted 00:07:04 (1656 turns).

Lentor the Skirmisher (Draconian Berserker)         Turns: 1656, Time: 00:07:04

Health: -7/40      AC:  6    Str: 25    XL:     4   Next: 54%
Magic:  4/4        EV: 13    Int:  7    God:    Trog [***...]
Gold:   54         SH:  0    Dex: 11    Spells: 3/3 levels left

rFire    . . .     SeeInvis .   e - +0 spear (venom)
rCold    . . .     Gourm    .   (no shield)
rNeg     . . .     Faith    .   (armour unavailable)
rPois    .         Spirit   .   (helmet restricted)
rElec    .         Reflect  .   (no cloak)
rCorr    .         Harm     .   n - +0 pair of gloves
MR       .....                  (no boots)
Stlth    ++........             (no amulet)
HPRegen  0.13/turn              u - +5 ring of strength
MPRegen  0.09/turn              (no ring)

@: no status effects
A: unfitting armour, cold-blooded, AC +5
a: Berserk, Trog's Hand, Burn Spellbooks, Renounce Religion


You were on level 1 of the Abyss.
You worshipped Trog.
Trog was most pleased with you.
You were not hungry.

You visited 1 branch of the dungeon, and saw 3 of its levels.
You visited the Abyss 1 time.

You collected 54 gold pieces.

Inventory:

Hand Weapons
 a - a +0 hand axe
 e - a +0 spear of venom (weapon)
 r - a +2 mace of distortion
Missiles
 c - 8 javelins (quivered)
Armour
 n - a +0 pair of gloves (worn)
Jewellery
 u - a +5 ring of strength (left hand)
Scrolls
 d - 3 scrolls of remove curse {unknown}
 f - 3 scrolls of identify {unknown}
 l - 2 scrolls of random uselessness {unknown}
 m - a scroll of magic mapping {unknown}
 o - a scroll of noise {unknown}
 p - a scroll of enchant armour {unknown}
 v - a scroll of teleportation {unknown}
 w - a scroll of amnesia {unknown}
Potions
 g - a potion of flight {unknown}
 h - a potion of berserk rage {unknown}
 i - a potion of curing {unknown}
 j - 2 potions of might {unknown}
 k - a potion of ambrosia {unknown}
 q - a potion of invisibility {unknown}
 t - a potion of heal wounds {unknown}
Comestibles
 b - 6 rations


   Skills:
 + Level 4.0 Fighting
 - Level 3.1(3.5) Axes
 * Level 0.5(2.0) Maces & Flails
 - Level 2.2(3.0) Polearms
 + Level 3.2 Dodging
 + Level 1.6 Stealth


You had 3 spell levels left.
You didn't know any spells.

Dungeon Overview and Level Annotations

Branches:
Dungeon (3/15)

Altars:
Kikubaaqudgha
Yredelemnul


Innate Abilities, Weirdness & Mutations

Your plain brown scales are hard. (AC +5)
You cannot fit into any form of body armour.
You are cold-blooded and may be slowed by cold attacks.


Message History

v - a scroll labeled WILIYT BYAC You now have 54 gold pieces (gained 15).
l - 2 scrolls labeled NIOKKE NITRIUTOF (gained 1)
b - 6 rations (gained 1)
w - a scroll labeled UNWEXO ACUM A small abomination comes into view.
You barely miss the small abomination. The small abomination hits you!
The small abomination closely misses you.
You hit the small abomination.
The small abomination is lightly damaged.
The small abomination hits you!
All of the chunks of flesh in your inventory have rotted away.
You hit the small abomination.
The small abomination is moderately damaged.
The small abomination hits you!
* * * LOW HITPOINT WARNING * * *
You puncture the small abomination!
The small abomination is heavily damaged.
The small abomination hits you!
You die...

# ###. #. ...# #
#.#...#..... .#
##.......#
######...#..####
..##.#..#.##....####
..
#....#.#.###.##..# .
.# ..##..##..##..#
..........#.....# .
.#... .. ###.#@#
.........# ..#.#.x#
....... .. .##.....#
....#. .###
##.#..#.. ........
#.#..#####.# ..
.#.##.....#. .# .#.
. .#.....# # .
.#.... .## . .. .. .
. . #


You could see a small abomination.

Vanquished Creatures
  2 adders (D:2)
  4 oozes
  2 worms
  2 dart slugs
  A leopard gecko (D:2)
  7 bats
  2 giant cockroaches
  8 hobgoblins
  2 quokkas (D:2)
  A ball python (D:2)
  3 frilled lizards (D:2)
  10 goblins
  11 kobolds
  3 rats (D:1)
58 creatures vanquished.

Vanquished Creatures (others)
  A plant (D:2)
1 creature vanquished.

Grand Total: 59 creatures vanquished

Notes
Turn   | Place    | Note
-------+----------+-------------------------------------------
     0 | D:1      | Lentor the Draconian Berserker began the quest for the Orb.
     0 | D:1      | Reached XP level 1. HP: 19/19 MP: 1/1
   129 | D:1      | Reached XP level 2. HP: 23/26 MP: 2/2
   618 | D:1      | Reached skill level 1 in Polearms
   665 | D:1      | Reached XP level 3. HP: 29/31 MP: 3/3
   671 | D:1      | Reached ** piety under Trog
   671 | D:1      | Reached skill level 1 in Stealth
   893 | D:2      | Found an ancient bone altar of Kikubaaqudgha.
   955 | D:2      | Found a basalt altar of Yredelemnul.
  1150 | D:2      | Reached XP level 4. HP: 40/40 MP: 4/4
  1315 | D:2      | Found a faded altar of an unknown god.
  1418 | D:2      | Reached skill level 4 in Fighting
  1443 | D:2      | Reached *** piety under Trog
  1580 | D:3      | Cast into level 1 of the Abyss (a distortion unwield)
  1656 | Abyss:1  | Mangled by a small abomination

Skill      XL: |  1  2  3  4 |
---------------+-------------+-----
Polearms       | 1 2 |  2.2
Dodging        | 3 |  3.2
Stealth        | 1 |  1.6
Fighting       | 4 |  4.0
Axes           | |  3.1
Maces & Flails | |  0.5

Action                   |  1- 3 |  4- 6 || total
-------------------------+-------+-------++-------
Melee: Hand axe          |    21 |       ||    21
       Spear             |   117 |    27 ||   144
       Tailslap          |    11 |     5 ||    16
       Mace              |       |    26 ||    26
 Stab: Distracted        |     1 |       ||     1
       Sleeping          |     1 |     1 ||     2
  Eat: Chunk             |       |     3 ||     3
Armor: Skin              |    40 |     9 ||    49
Dodge: Dodged            |    67 |    31 ||    98
